 Dungeon Crawl Stone Soup version 0.19-a0-1057-g15bb84d (webtiles) character file.

55344 poirepourri the Severer (level 14, -3/193 HPs)
             Began as a Minotaur Fighter on Aug 2, 2016.
             Was a Believer of Qazlal.
             Slain by an eight-headed hydra (6 damage)
             ... on level 6 of the Lair of Beasts.
             The game lasted 00:38:42 (19669 turns).

poirepourri the Severer (Minotaur Fighter)         Turns: 19669, Time: 00:38:43

Health: -3/193     AC: 27    Str: 25    XL:     14   Next: 38%
Magic:  0/25       EV:  2    Int:  5    God:    Qazlal [**....]
Gold:   2252       SH: 17    Dex: 11    Spells: 0 memorised, 13 levels left

rFire  . . .     SeeInvis .     a - +4 war axe
rCold  . . .     Gourm    .     (armour currently unavailable)
rNeg   + + +     Faith    .     c - +0 shield
rPois  +         Spirit   +     (helmet currently unavailable)
rElec  .         Dismiss  .     (cloak currently unavailable)
rCorr  .         Reflect  .     (gloves currently unavailable)
SustAt .         Harm     .     (boots currently unavailable)
MR     +....     NoTele   +     h - amulet of guardian spirit
Stlth  +.........               K - +3 ring of evasion
                                D - ring of magical power

@: tree-form, mesmerised, somewhat resistant to hostile enchantments, very
unstealthy
A: (retaliatory headbutt), (horns 0)
a: Upheaval, Renounce Religion


You were on level 6 of the Lair of Beasts.
You worshipped Qazlal.
Qazlal was pleased with you.
You were not hungry.
You were a tree.
You visited 3 branches of the dungeon, and saw 19 of its levels.
You also visited: Sewer and Bailey.

You collected 2376 gold pieces.
You spent 124 gold pieces at shops.

Inventory:

Hand Weapons
 a - a +4 war axe (weapon)
Missiles
 F - 227 bolts
Armour
 b - a +1 scale mail
 c - a +0 shield (worn)
 d - a +0 hat of magic resistance (melded)
 j - a +0 pair of boots (melded)
 u - a +4 scale mail of fire resistance (melded)
 H - a +1 cloak of invisibility (melded)
Rods
 Q - a +0 rod of ignition (14/14)
   (You took it off an orc on level 12 of the Dungeon)
Jewellery
 h - an amulet of guardian spirit (around neck)
 n - an uncursed ring of ice
 s - an uncursed ring of sustain attributes {unknown}
 x - an uncursed ring of magical power
 y - an uncursed ring of poison resistance
 D - a ring of magical power (left branch)
 E - an uncursed ring of resist corrosion
 K - a +3 ring of evasion (right branch)
 U - an uncursed ring of fire {unknown}
 V - an uncursed ring of resist corrosion
 W - an uncursed ring of teleportation
 Y - an uncursed amulet of harm
Wands
 e - a wand of lightning (7/15)
 g - a wand of digging (12/24)
 r - a wand of teleportation (3/9)
 t - a wand of enslavement (19/24)
 G - a wand of enslavement (7/24)
 L - a wand of confusion (40/48)
 N - a wand of paralysis (13/24)
 O - a wand of slowing (14/48)
 R - a wand of flame (15/48)
 S - a wand of polymorph (18/24)
 X - a wand of flame (31/48)
Scrolls
 i - a scroll of recharging
 m - 2 scrolls of teleportation
 B - 4 scrolls of magic mapping
 M - 2 scrolls of remove curse
Potions
 p - a potion of cancellation
 v - 3 potions of lignification
 w - a potion of beneficial mutation {unknown}
 z - a potion of experience {unknown}
 C - 6 potions of flight
 I - 3 potions of brilliance
Comestibles
 f - 6 bread rations
 A - 63 fruits
 J - 12 royal jellies


   Skills:
 + Level 13.2 Fighting
 + Level 16.1 Axes
 + Level 9.2 Armour
 + Level 10.4 Dodging
 - Level 15.0 Shields
 + Level 5.2 Invocations
 + Level 1.7 Evocations


You had 13 spell levels left.
You didn't know any spells.

Dungeon Overview and Level Annotations

Branches:
Dungeon (12/15)            Temple (1/1) D:4            Lair (6/6) D:11
  Swamp (0/4) Lair:3       Spider (0/4) Lair:2        Slime (0/5) Lair:5
    Orc (0/2) D:11

Altars:
Ashenzari
Cheibriados
Dithmenos
Elyvilon
Fedhas
Gozag
Hepliaklqana
Kikubaaqudgha
Makhleb
Nemelex Xobeh
Okawaru
Pakellas
Qazlal
Ru
Sif Muna
Trog
Uskayaw
Vehumet
Xom
Yredelemnul
Zin
The Shining One
Beogh

Shops:
D:3 }   D:8 [   D:10 :


Innate Abilities, Weirdness & Mutations

((You reflexively headbutt those who attack you in melee.))
((You have a pair of horns on your head.))


Message History

The six-headed hydra grows two more!
You slash the eight-headed hydra! You hit the griffon but do no damage.
You closely miss the komodo dragon. You barely miss the harpy.
You hit the elephant but do no damage.
The merfolk avatar chants its luring song.
The elephant tramples you but does no damage.
You block the elephant's attack. You block the harpy's attack.
The harpy claws you but does no damage.
The griffon bites you but does no damage.
You block the griffon's attack.
The griffon claws you but does no damage.
The komodo dragon bites you.
* * * LOW HITPOINT WARNING * * *
You hit the griffon.
The griffon is moderately wounded.
You barely miss the eight-headed hydra. You barely miss the griffon.
You completely miss the komodo dragon. You slash the harpy!
You slash the elephant! The harpy claws you!
* * * LOW HITPOINT WARNING * * *
You block the harpy's attack. The eight-headed hydra bites you!
You die...

......................#
......................#
†...................###
......................###
....................†..≈##≈P≈
.≈..≈≈.. .≈≈.≈≈≈≈≈.≈....≈≈.≈≈
.≈##≈≈## ≈#≈≈##≈≈##≈≈##≈≈≈≈.
.≈##≈≈# ≈≈#≈≈#Y≈≈##≈≈#≈ ≈##.
.≈≈≈ ≈≈≈ ≈≈≈≈≈≈H♣H≈≈≈≈≈≈ ≈≈
.≈≈≈ ≈≈ ≈≈P≈≈≈lHD≈≈≈≈≈≈≈ P≈
..## # ####....########≈ S
.≈##≈#≈≈ ≈≈≈≈≈≈P .≈≈≈≈≈≈≈
#≈≈≈≈#≈≈≈ <≈≈S≈# ≈ #≈≈≈#m##≈≈
.≈#≈≈#≈≈ #≈≈≈ ≈ ≈≈ ..#≈≈≈≈≈
≈P≈ ?( ≈≈≈ ..≈≈≈≈


8 You could see a merfolk avatar, an eight-headed hydra, an elephant, 2
griffons, a komodo dragon and a harpy.

Vanquished Creatures
  Rupert (Lair:5)
  Gastronok (D:8)
  6 hydras
  Erica (D:10)
  An unseen horror (D:12)
  2 orc knights (Bailey)
  2 hill giants (D:11)
  3 sea snakes (Lair:6)
  Pikel (D:6)
  3 griffons
  2 oklob plants (Lair:3)
  3 ugly things
  The ghost of magipi the Carver, a novice DEBe of Trog (D:7)
  An elephant (Lair:5)
  Joseph (D:8)
  A centaur zombie (D:11)
  A torpor snail (Lair:3)
  4 black mambas
  Maurice (D:8)
  Psyche (D:10)
  2 gargoyles
  8 spiny frogs
  A kobold demonologist (D:12)
  A yaktaur (D:12)
  2 rime drakes (Lair:6)
  6 komodo dragons
  A queen bee (D:11)
  A troll (D:10)
  A two-headed ogre (D:9)
  10 polar bears
  A boulder beetle (Lair:6)
  6 slime creatures (D:12)
  14 blink frogs
  Grinder (D:5)
  A spriggan (D:7)
  8 hippogriffs
  6 wyverns
  24 yaks
  2 hungry ghosts
  A mottled dragon (D:6)
  Edmund (D:5)
  A warg (D:11)
  6 swamp worms (Lair:3)
  19 water moccasins
  8 porcupines
  An eye of draining (D:9)
  A slave (D:6)
  An ice beast (D:7)
  5 sky beasts
  4 wasps
  8 orc warriors
  2 phantoms
  11 black bears
  A necrophage (D:5)
  The ghost of grom234 the Magician, an amateur DrWz (D:3)
  A centaur (D:9)
  31 wolves
  10 ogres
  16 crocodiles
  3 big kobolds
  19 giant frogs
  5 scorpions
  21 killer bees
  5 howler monkeys
  9 wights
  5 jellies
  An electric eel (Lair:3)
  2 crimson imps
  14 orc priests
  4 giant frog skeletons
  4 hounds
  17 orc wizards
  4 centaur skeletons
  Ijyb (D:3)
  12 iguanas
  8 worker ants
  A hound skeleton (D:10)
  A worker ant zombie (D:11)
  Robin (D:3)
  A gnoll (D:4)
  18 adders
  48 river rats
  A shadow imp (D:8)
  2 oozes
  2 worms
  5 dart slugs
  10 giant geckos
  81 orcs
  A ball python (D:4)
  9 giant cockroaches
  14 hobgoblins
  27 jackals
  A quokka (D:3)
  16 bats
  10 giant newts
  20 goblins
  17 kobolds
  20 rats
  29 fungi
  10 plants
741 creatures vanquished.

Vanquished Creatures (collateral kills)
  2 kobolds (Bailey)
  A goblin (D:3)
3 creatures vanquished.

Vanquished Creatures (others)
  An unseen horror (D:8)
  A centaur (D:6)
  A centaur skeleton (D:6)
  An iguana (D:6)
  A hobgoblin (D:3)
  A quokka (D:8)
  19 fungi
  10 plants
35 creatures vanquished.

Grand Total: 779 creatures vanquished

Notes
Turn   | Place    | Note
-------+----------+-------------------------------------------
     0 | D:1      | poirepourri the Minotaur Fighter began the quest for the Orb.
     0 | D:1      | Reached XP level 1. HP: 19/19 MP: 0/0
   241 | D:1      | Reached XP level 2. HP: 27/27 MP: 1/1
   659 | D:1      | Reached XP level 3. HP: 31/34 MP: 2/2
   820 | D:2      | Found a radiant altar of Vehumet.
   960 | D:2      | Reached skill level 3 in Axes
  1028 | D:2      | Found a hide-covered altar of Uskayaw.
  1130 | D:2      | Reached skill level 5 in Fighting
  1832 | D:3      | Noticed grom234's ghost (amateur DrWz)
  1838 | D:3      | Killed grom234's ghost
  1838 | D:3      | Reached XP level 4. HP: 35/42 MP: 3/3
  2032 | D:3      | Reached XP level 5. HP: 48/48 MP: 4/4
  2098 | D:3      | Noticed Robin
  2186 | D:3      | Found a glowing golden altar of the Shining One.
  2220 | D:3      | Noticed Ijyb
  2226 | D:3      | Killed Ijyb
  2226 | D:3      | Reached skill level 4 in Axes
  2243 | D:3      | Found an oddly glowing altar of Pakellas.
  2243 | D:3      | Found Pakellas's Prime Provisions.
  2859 | D:4      | Noticed an ogre
  2865 | D:4      | Killed an ogre
  2865 | D:4      | Reached XP level 6. HP: 8/57 MP: 5/5
  3255 | D:4      | Reached skill level 5 in Axes
  3451 | D:4      | Found a staircase to the Ecumenical Temple.
  3492 | Temple   | Entered the Ecumenical Temple
  3591 | Temple   | Became a worshipper of Qazlal Stormbringer
  3789 | D:4      | Reached XP level 7. HP: 63/64 MP: 6/6
  4157 | D:3      | Reached * piety under Qazlal
  4160 | D:3      | Killed Robin
  4196 | D:5      | Entered Level 5 of the Dungeon
  4234 | D:5      | Reached skill level 6 in Axes
  4283 | D:5      | Found a shattered altar of Ashenzari.
  4355 | D:5      | Noticed Edmund
  4366 | D:5      | Killed Edmund
  4366 | D:5      | Reached skill level 7 in Axes
  4546 | D:5      | Reached XP level 8. HP: 50/73 MP: 7/7
  4767 | D:5      | Noticed Grinder
  4768 | D:5      | Paralysed by Grinder for 6 turns
  4777 | D:5      | Killed Grinder
  4777 | D:5      | Reached skill level 8 in Axes
  4777 | D:5      | Reached skill level 1 in Evocations
  5003 | D:5      | Reached skill level 9 in Axes
  5364 | D:6      | Noticed Pikel
  5371 | D:6      | Killed Pikel
  5371 | D:6      | Reached skill level 10 in Axes
  5371 | D:6      | Reached XP level 9. HP: 67/84 MP: 8/8
  5465 | D:6      | Found a white marble altar of Elyvilon.
  5518 | D:6      | Found a glowing drain.
  5536 | D:6      | Reached ** piety under Qazlal
  5547 | Sewer    | Entered a sewer
  5633 | Sewer    | Found a white marble altar of Elyvilon.
  5734 | D:6      | Reached skill level 11 in Axes
  6310 | D:6      | Found a runed door.
  6363 | D:6      | Reached *** piety under Qazlal
  6372 | D:6      | Reached skill level 10 in Fighting
  6403 | D:6      | Found a roughly hewn altar of Beogh.
  6605 | D:7      | Reached skill level 12 in Axes
  6673 | D:7      | Noticed magipi's ghost (novice DEBe)
  6686 | D:7      | Killed magipi's ghost
  6947 | D:8      | Reached XP level 10. HP: 38/94 MP: 9/9
  6954 | D:8      | Reached **** piety under Qazlal
  7414 | D:8      | Found a glowing silver altar of Zin.
  7418 | D:8      | Noticed Maurice
  7429 | D:8      | Killed an unseen horror
  7433 | D:8      | Killed Maurice
  7433 | D:8      | Reached skill level 5 in Armour
  7454 | D:8      | Reached skill level 5 in Shields
  7623 | D:8      | Noticed Gastronok
  7644 | D:8      | Killed Gastronok
  7877 | D:8      | Found Kyhuge's Antique Armour Emporium.
  7885 | D:8      | Bought a glowing scale mail for 124 gold pieces
  7970 | D:8      | Noticed Joseph
  7980 | D:8      | Killed Joseph
  7980 | D:8      | Reached skill level 10 in Shields
  8255 | D:8      | Found a hazy altar of Hepliaklqana.
  8553 | D:9      | Reached XP level 11. HP: 101/101 MP: 10/10
  8903 | D:9      | Reached ***** piety under Qazlal
  9016 | D:9      | Found a flagged portal.
  9027 | Bailey   | Entered a bailey
  9038 | Bailey   | Noticed an orc knight
  9043 | Bailey   | Noticed an orc knight
  9050 | Bailey   | Killed an orc knight
  9060 | Bailey   | Killed an orc knight
  9174 | Bailey   | Identified a scroll of acquirement
  9233 | D:10     | Entered Level 10 of the Dungeon
  9275 | D:10     | Found Eraug's Book Shop.
  9328 | D:10     | Noticed Psyche
  9335 | D:10     | Killed Psyche
  9342 | D:10     | Noticed Erica
  9353 | D:10     | Killed Erica
 10154 | D:11     | Noticed a hill giant
 10162 | D:11     | Killed a hill giant
 10211 | D:11     | Noticed a hill giant
 10218 | D:11     | Killed a hill giant
 10555 | D:11     | Noticed a cyan ugly thing
 10557 | D:11     | Noticed a red ugly thing
 10708 | D:11     | Reached XP level 12. HP: 94/108 MP: 11/11
 10722 | D:11     | Found a staircase to the Orcish Mines.
 10934 | D:11     | Reached skill level 13 in Axes
 10934 | D:11     | Reached skill level 15 in Shields
 11166 | D:11     | Found a staircase to the Lair.
 11399 | D:12     | Reached ****** piety under Qazlal
 11436 | D:12     | Reached skill level 5 in Dodging
 11615 | D:12     | Found an opulent altar of Gozag.
 11788 | D:12     | Noticed a six-headed hydra
 12822 | Lair:1   | Entered Level 1 of the Lair of Beasts
 12834 | Lair:1   | Reached skill level 1 in Invocations
 12945 | Lair:1   | Reached skill level 14 in Axes
 13699 | Lair:2   | Reached XP level 13. HP: 101/117 MP: 10/13
 14041 | Lair:2   | Found a hole to the Spider Nest.
 15391 | Lair:3   | Found a staircase to the Swamp.
 15569 | Lair:3   | Found a stormy altar of Qazlal.
 16382 | Lair:4   | Reached skill level 15 in Axes
 17952 | Lair:5   | Found a staircase to the Slime Pits.
 18279 | Lair:6   | Entered Level 6 of the Lair of Beasts
 18466 | Lair:6   | Noticed Rupert
 18501 | Lair:5   | Killed Rupert
 18501 | Lair:5   | Reached XP level 14. HP: 55/127 MP: 9/16
 18834 | Lair:6   | Reached skill level 10 in Dodging
 18965 | Lair:6   | Reached skill level 5 in Invocations
 18987 | Lair:6   | Reached skill level 16 in Axes
 19668 | Lair:6   | HP: 9/193 [komodo dragon (5)]
 19669 | Lair:6   | HP: 3/193 [harpy (6)]
 19669 | Lair:6   | Slain by an eight-headed hydra

Vault maps used:
D:1:      saegor_arrival_miasma
D:2:      eat_drink_and_be_merry_uskayaw, marbit_many_paths, first_bread
D:3:      nicolae_overflow_hidden_temple, johnstein_pakellas_shop, uniq_iyjb,
          uniq_robin
D:4:      kennysheep_goblin_castle
D:5:      dk_vineyard_1, evilmike_ruin_ashenzari, uniq_edmund, uniq_grinder
D:6:      lemuel_round_altar, gup_sewer_entry_glass, minmay_liquid_box,
          lightli_church_of_beogh, uniq_pikel
D:7:      the_bakery
D:8:      old_standard_altar, lemuel_coloured_pillars_altar, serial_shops,
          shop_fountains, uniq_gastronok, uniq_maurice, uniq_joseph
D:9:      enter_bailey_2
D:10:     serial_shops, shop, kennysheep_generic_room_10, uniq_erica,
          uniq_psyche
D:11:     grunt_lair_entry_orc_guard_hut, david_orc_1_choice, special_room
D:12:     lab_entry_generic, minmay_gold_behind_fungi, fountainhead,
          nicolae_gozag_seed_capital
Temple:   eino_wide_crystal_templ
Lair:1:   beast_lair_carwin_large_4, grunt_megastairs_2
Lair:2:   spider_nest_entry_web_field, st_stairs_6, serial_bayou_crossing,
          infiniplex_staircase_pool_2
Lair:3:   minmay_lair_oklob_chamber, nicolae_swamp_entry_splash_gauntlet,
          basic_altar, st_stairs_8
Lair:4:   grunt_megastairs_1
Lair:5:   dpeg_slime_entry_corner, serial_bayou_pond_a,
          grunt_forest_large_clearings
Lair:6:   gammafunk_lair_ancient_temple, hangedman_lair_generics_rect,
          lemuel_fruit_fields, infiniplex_staircase_pool, uniq_rupert
Sewer:    sewer_kobolds
Bailey:   bailey_axe_1, bailey

Skill      XL: |  1  2  3  4  5  6  7  8  9 10 11 12 13 14 |
---------------+-------------------------------------------+-----
Fighting       | 4 5 6 7 9 10 11 12 13 | 13.2
Axes           | 3 4 5 7 10 12 14 15 16 | 16.1
Dodging        | 2 3 4 7 9 10 | 10.4
Evocations     | 1 |  1.7
Armour         | 5 7 8 9 |  9.2
Shields        | 10 14 15 | 15.0
Invocations    | 1 4 5 |  5.2

Action                   |  1- 3 |  4- 6 |  7- 9 | 10-12 | 13-15 || total
-------------------------+-------+-------+-------+-------+-------++-------
Melee: War axe           |   108 |   114 |   292 |   685 |   486 ||  1685
       Headbutt          |    17 |    16 |    67 |   144 |   100 ||   344
Invok: Upheaval          |       |       |       |    17 |    38 ||    55
       Elemental Force   |       |       |       |     2 |     1 ||     3
Evoke: Wand              |       |       |     2 |     5 |    14 ||    21
  Use: Scroll            |     4 |     2 |     6 |    22 |    21 ||    55
       Potion            |     1 |     1 |     3 |    19 |    16 ||    40
 Stab: Held in net/web   |       |       |       |       |     1 ||     1
  Eat: Bread ration      |     1 |     1 |       |     4 |     2 ||     8
       Fruit             |       |     1 |     2 |     3 |     1 ||     7
       Beef jerky        |       |     1 |       |     1 |     5 ||     7
       Meat ration       |       |       |     2 |       |       ||     2
       Royal jelly       |       |       |     1 |       |       ||     1
       Pizza             |       |       |       |     1 |     1 ||     2
Armor: Scale mail        |    65 |    46 |    97 |   214 |   104 ||   526
       Skin              |       |       |       |       |    17 ||    17
Dodge: Dodged            |    40 |    41 |    71 |   251 |   297 ||   700
       Deflected         |       |       |       |    26 |       ||    26
Block: Shield            |    69 |    72 |   162 |   836 |   568 ||  1707
